 Dungeon Crawl Stone Soup version 0.27-a0-972-gd1521fd518 (webtiles) character file.

Game seed: 17386596572317715187

9 Alarkh the Insei (level 2, 21/21 HPs)
             Began as a Demonspawn Transmuter on Apr 13, 2021.
             Got out of the dungeon alive.
             The game lasted 00:00:19 (456 turns).

Alarkh the Insei (Demonspawn Transmuter)             Turns: 456, Time: 00:00:20

Health: 21/21      AC:  2    Str: 10    XL:     2   Next: 3%
Magic:  5/5        EV: 12    Int: 14    God:
Gold:   41         SH:  0    Dex: 13    Spells: 4/5 levels left

rFire    . . .     SeeInvis .     - Unarmed
rCold    . . .     Faith    .   (no shield)
rNeg     . . .     Spirit   .   a - +0 robe
rPois    .         Reflect  .   (no helmet)
rElec    .         Harm     .   (no cloak)
rCorr    .         Rampage  .   (no gloves)
Will     .....                  (no boots)
Stlth    +.........             (no amulet)
HPRegen  0.07/turn              (no ring)
MPRegen  0.09/turn              (no ring)

@: no status effects
A: demonic magic 1
a: no special abilities


You escaped.
You visited 1 branch of the dungeon, and saw 1 of its levels.

You collected 41 gold pieces.

Inventory:

Armour
 a - a +0 robe (worn)
Scrolls
 b - a scroll of brand weapon {unknown}
 d - a scroll of teleportation {unknown}
 h - a scroll of identify {unknown}
Potions
 c - a potion of degeneration {unknown}
 e - a potion of might {unknown}
 f - 2 potions of curing {unknown}
 g - a potion of mutation {unknown}


   Skills:
 + Level 1.2 Fighting
 - Level 1.7 Dodging
 * Level 2.9 Unarmed Combat
 + Level 2.1 Spellcasting
 + Level 1.9 Transmutations


You had 4 spell levels left.
You knew the following spells:

 Your Spells              Type           Power      Damage    Failure   Level
a - Beastly Appendage     Tmut           14%        N/A       11%         1

Your spell library contained the following spells:

 Spells                   Type           Power      Damage    Failure   Level
 Wereblood                Tmut           7%         N/A       16%         2
 Spider Form              Tmut/Pois      2%         N/A       43%         3
 Ice Form                 Ice/Tmut       4%         N/A       83%         4
 Hydra Form               Tmut           3%         N/A       96%         5


Dungeon Overview and Level Annotations

Branches:
Dungeon (1/15)

Altars:


Innate Abilities, Weirdness & Mutations

Spells you cast may paralyse adjacent enemies.


Message History

The goblin shouts!
A goblin is nearby!
A goblin is nearby!
Casting: Beastly Appendage (safe; 11% risk of failure)
Confirm with . or Enter, or press ? or * to list all spells.
You grow a pair of large bovine horns.
Your feet morph into talons.
Unknown command.
Your transformation is almost over.
You hit the goblin. Your headbutt misses the goblin.
The goblin is heavily wounded.
The goblin hits you with a +0 club.
You hit the goblin.
The goblin is severely wounded.
The goblin hits you but does no damage.
You hit the goblin.
You kill the goblin!
You have reached level 2!
Your demonic ancestry asserts itself...
A menacing aura infuses your magic.
Your horns disappear.
Your talons disappear.
h - a scroll labelled WUSIFIALYE Unknown command.
You see here a +0 club.
There is an open door here.
There is an open door here.
Things that are here:
a +0 dagger; a kobold corpse
Things that are here:
a +0 club; a +0 dagger; a hobgoblin skeleton
There is an open door here.
You see here a frilled lizard skeleton.
There is an open door here.
There is an open door here.
There is an open door here.
There is a dry fountain here.
There is an open door here.
There is an open door here.
There is a staircase leading out of the dungeon here.
Are you sure you want to leave the Dungeon?
This will make you lose the game!
You have escaped!

.....#
....#
.....#
#...#
.....#
#####
.....#
.....#
.....#
.....#
#########
######
#...#...#
#...'.@.#
#...#...#
##'######
#...#...#
#.⌠.'...#
#...#...#
##'######
#...#...#
######
+...'...+


There were no monsters in sight!

Vanquished Creatures
  A hobgoblin (D:1)
  A kobold (D:1)
  A quokka (D:1)
  A bat (D:1)
  A frilled lizard (D:1)
  3 goblins (D:1)
8 creatures vanquished.

Notes
Turn   | Place    | Note
-------+----------+-------------------------------------------
     0 | D:1      | Alarkh the Demonspawn Transmuter began the quest for the
                  | Orb.
     0 | D:1      | Reached XP level 1. HP: 15/15 MP: 3/3
   363 | D:1      | Gained mutation: Spells you cast may paralyse adjacent
                  | enemies. [demonic ancestry]
   363 | D:1      | Reached XP level 2. HP: 16/21 MP: 3/5
   456 | D:$      | Got out of the dungeon alive.

Illustrated notes

Levels and vault maps discovered:
D:1:      co_arrival_random_square_maze, layout_basic, serial_forest,
          infiniplex_forest_zigzag_1, infiniplex_forest_straight_2,
          infiniplex_forest_lined_3, infiniplex_forest_lined_corner,
          infiniplex_forest_straight_3, infiniplex_forest_lined_3_way,
          infiniplex_forest_lined_room_, infiniplex_forest_lined_2,
          infiniplex_forest_straight_2, columned_hall_lemuel

Action                   || total
-------------------------++-------
Melee: Unarmed           ||    19
       Kick              ||     3
       Headbutt          ||     1
 Cast: Beastly Appendage ||     5
Armor: Robe              ||     3
Dodge: Dodged            ||     7

Table legend: (Time is in decaauts)
 A = Elapsed time spent in this place.
 B = Non-inter-level travel time spent in this place.
 C = Inter-level travel time spent in this place.
 D = Time resting spent in this place.
 E = Time spent auto-exploring this place.
 F = Levels seen in this place.
 G = Mean time per level.
                   A        B        C        D        E       F      G
               +--------+--------+--------+--------+--------+-----+--------+
         Total |    455 |    373 |     82 |      0 |    321 |   1 |  455.0 |
       Dungeon |    455 |    373 |     82 |      0 |    321 |   1 |  455.0 |
               +--------+--------+--------+--------+--------+-----+--------+

Top non-repeatable levels by time:
     D:1: 455 daAuts
